 Dungeon Crawl Stone Soup version 0.29.1-12-g30fa7ad0bf (webtiles) character file.

Game seed: 1255270050202707063

44 fishmans the Covered (level 3, 0/23 HPs)
             Began as a Gargoyle Fighter on Dec 28, 2022.
             Slain by an orc
             ... wielding a +0 morningstar
              (5 damage)
             ... on level 1 of the Dungeon.
             The game lasted 00:07:03 (1485 turns).

fishmans the Covered (Gargoyle Fighter)             Turns: 1485, Time: 00:07:04

Health: 0/23       AC: 10    Str: 21    XL:     3   Next: 62%
Magic:  3/3        EV:  9    Int:  8    God:
Gold:   29         SH:  4    Dex:  9    Spells: 2/2 levels left

rFire   . . .      SeeInvis .   a - +0 flail
rCold   . . .      Faith    .   c - +0 buckler
rNeg    + . .      Spirit   .   b - +0 scale mail
rPois   ∞          Reflect  .   (no helmet)
rElec   +          Harm     .   (no cloak)
rCorr   .          Rampage  .   (no gloves)
Will    .....                   (no boots)
Stlth   ..........              (no amulet)
HPRegen 0.07/turn               (no ring)
MPRegen 0.08/turn               (no ring)

@: no status effects
A: sickness immunity, AC +3, negative energy resistance 1, electricity
resistance, torment resistance 1, petrification resistance
a: no special abilities


You were on level 1 of the Dungeon.
You visited 1 branch of the dungeon, and saw 2 of its levels.

You collected 29 gold pieces.

Inventory:

Hand Weapons
 a - a +0 flail (weapon)
Armour
 b - a +0 scale mail (worn)
 c - a +0 buckler (worn)
Scrolls
 h - a scroll of teleportation {unknown}
 i - a scroll of enchant weapon {unknown}
 k - a scroll of summoning {unknown}
Potions
 e - a potion of heal wounds {unknown}
 g - a potion of degeneration {unknown}
 j - a potion of curing {unknown}


   Skills:
 - Level 3.2 Fighting
 * Level 3.3 Maces & Flails
 + Level 3.9 Armour
 - Level 3.2 Shields


You had 2 spell levels left.
You didn't know any spells.
Your spell library was empty.

Dungeon Overview and Level Annotations

Branches:
Dungeon (2/15)

Altars:

Shops:
D:1 !


Innate Abilities, Weirdness & Mutations

You are immune to sickness and miasma.
Your stone body is resilient. (AC +3)
You are immune to poison.
You resist negative energy. (rN+)
You are resistant to electric shocks. (rElec)
You are resistant to unholy torment.
You are immune to petrification.


Message History

You see here a +0 dagger.
A nearby demonic plant withers and dies.
The quokka completely misses you. The quokka closely misses you.
The quokka closely misses you.
You hit the quokka.
The quokka is moderately wounded.
The quokka barely misses you.
You closely miss the quokka.
The quokka is moderately wounded.
The quokka bites you but does no damage. x2
You hit the quokka.
The quokka is heavily wounded.
The quokka bites you but does no damage. x2
You thump the quokka!
You kill the quokka!
The hobgoblin hits you but does no damage.
The hobgoblin attacks as you move away! The hobgoblin hits you.
The hobgoblin attacks as you move away! The hobgoblin closely misses you.
The hobgoblin attacks as you move away! The hobgoblin closely misses you.
The hobgoblin attacks as you move away! The hobgoblin hits you.
* * * LOW HITPOINT WARNING * * *
The hobgoblin attacks as you move away! The hobgoblin closely misses you.
The hobgoblin attacks as you move away!
The hobgoblin hits you but does no damage.
The hobgoblin attacks as you move away!
The hobgoblin hits you but does no damage.
The hobgoblin attacks as you move away! The hobgoblin barely misses you.
The hobgoblin attacks as you move away!
The hobgoblin hits you but does no damage.
The hobgoblin attacks as you move away! You block the hobgoblin's attack.
The hobgoblin attacks as you move away! The hobgoblin closely misses you.
The hobgoblin attacks as you move away!
The hobgoblin hits you but does no damage.
The hobgoblin attacks as you move away! The hobgoblin hits you.
* * * LOW HITPOINT WARNING * * *
You thump the hobgoblin!
You kill the hobgoblin!
You see here a hobgoblin corpse.
The orc attacks as you move away! The orc hits you with a +0 morningstar.
You die...

..##...#...#...#.'.>.#.#
..##.#.###.#...#.#...#.#
..........†#####.#####.#
###..#.#.#.............#
....##.........#.#...###
.......#............##
...##..............##
..##...........o....### #####
.......###......@.....# #...#
......................###...#
..####....##..........).)...#
....>.................###...#
.......##..##.........# #...#
.......##..##.(.......###...#
...........##..^.......######
.......##..............##
............##########..##


You could see an orc.

Vanquished Creatures
  A gnoll (D:2)
  An orc (D:2)
  3 bats (D:1)
  3 endoplasms (D:1)
  2 goblins (D:1)
  7 hobgoblins (D:1)
  4 jackals (D:1)
  2 kobolds (D:1)
  2 quokkas (D:1)
  2 ball pythons (D:1)
  A frilled lizard (D:1)
28 creatures vanquished.

Vanquished Creatures (others)
  4 demonic plants (D:1)
  A plant (D:1)
  A withered plant (D:1)
6 creatures vanquished.

Grand Total: 34 creatures vanquished

Notes
Turn   | Place    | Note
-------+----------+-------------------------------------------
     0 | D:1      | fishmans the Gargoyle Fighter began the quest for the Orb.
     0 | D:1      | Reached XP level 1. HP: 14/14 MP: 1/1
    27 | D:1      | Found a faded altar of an unknown god.
    90 | D:1      | Reached XP level 2. HP: 19/19 MP: 2/2
   192 | D:1      | Found Atiokhugu's Distillery.
   390 | D:1      | You fall into a shaft and drop 1 floor!
   420 | D:2      | Reached XP level 3. HP: 13/23 MP: 3/3
  1485 | D:1      | Slain by an orc

Illustrated notes

Levels and vault maps discovered:
D:1:      minmay_arrival_four_houses, layout_rooms,
          shapermc_ecumenical_altar_gd, serial_shops, nicolae_shop_trees
D:2:      layout_rooms, grunt_decor_clamped

Skill      XL: |  1  2 |
---------------+-------+-----
Maces & Flails | 3 |  3.3
Fighting       | |  3.2
Armour         | |  3.9
Shields        | |  3.2

Action                   || total
-------------------------++-------
Melee: Flail             ||    90
  Use: Potion            ||     1
       Scroll            ||     2
Armor: Scale mail        ||    64
Dodge: Dodged            ||    44
Block: Buckler           ||    21
